 Dungeon Crawl Stone Soup version 0.28.0-43-g3370ac3207 (webtiles) character file.

Game seed: 16474581985181688436

1202 bobbyregger the Cudgeller (level 8, -1/83 HPs)
             Began as an Ogre Berserker on Mar 23, 2022.
             Was a Believer of Trog.
             Slain by a kobold brigand
             ... wielding a +0 club
              (8 damage)
             ... on level 5 of the Dungeon.
             The game lasted 00:05:10 (5463 turns).

bobbyregger the Cudgeller (Ogre Berserker)          Turns: 5463, Time: 00:05:11

Health: -1/83      AC:  5    Str: 22    XL:     8   Next: 44%
Magic:  8/8        EV: 10    Int:  8    God:    Trog [**....]
Gold:   224        SH:  0    Dex: 10    Spells: 7/7 levels left

rFire   . . .      SeeInvis .   q - +0 giant spiked club
rCold   . . .      Faith    .   (shield currently unavailable)
rNeg    . . .      Spirit   .   b - +0 animal skin
rPois   .          Reflect  .   (helmet restricted)
rElec   .          Harm     .   c - +1 cloak {Stlth+}
rCorr   .          Rampage  .   (gloves unavailable)
Will    .....                   (boots unavailable)
Stlth   +++.......              (no amulet)
HPRegen 0.23/turn               (no ring)
MPRegen 0.11/turn               (no ring)

@: mighty, on berserk cooldown, flying, slowed, very slow
A: large, unfitting armour, tough skin 1
a: Renounce Religion, Berserk, Trog's Hand


You were on level 5 of the Dungeon.
You worshipped Trog.
Trog was pleased with you.
You visited 1 branch of the dungeon, and saw 5 of its levels.

You collected 224 gold pieces.

Inventory:

Hand Weapons
 q - a +0 giant spiked club (weapon)
Armour
 b - a +0 animal skin (worn)
 c - a +1 cloak of stealth (worn)
Jewellery
 m - an amulet of guardian spirit
Scrolls
 a - a scroll of enchant armour {unknown}
 d - 7 scrolls of identify {unknown}
 e - a scroll of silence {unknown}
 h - a scroll of fear {unknown}
 i - a scroll of magic mapping {unknown}
 j - a scroll of amnesia {unknown}
 k - a scroll of noise {unknown}
 l - 2 scrolls of teleportation {unknown}
Potions
 f - a potion of magic
 g - a potion of flight
 o - a potion of degeneration {unknown}


   Skills:
 + Level 6.2 Fighting
 * Level 7.7 Maces & Flails
 + Level 4.1 Dodging
 + Level 2.2 Stealth


You had 7 spell levels left.
You didn't know any spells.
Your spell library was empty.

Dungeon Overview and Level Annotations

Branches:
Dungeon (5/15)
 Temple: D:4-7

Altars:
Nemelex Xobeh
Okawaru
Beogh


Innate Abilities, Weirdness & Mutations

You are too large for most types of armour.
You have tough skin. (AC +1)


Message History

The kobold demonologist is moderately wounded.
The kobold brigand closely misses you.
The kobold brigand hits you with a +0 whip.
You closely miss the kobold demonologist.
The kobold demonologist is moderately wounded.
You are no longer berserk.
You are exhausted.
You feel yourself slow down.
The kobold demonologist hits you with a +0 dagger.
The kobold brigand hits you with a +0 club.
The shadow imp puffs mist at you.
The kobold brigand hits you but does no damage.
It was a potion of magic.
Magic courses through your body.
The kobold demonologist hits you with a +0 dagger.
* * * LOW HITPOINT WARNING * * *
The kobold brigand completely misses you.
The kobold brigand hits you with a +0 whip!
* * * LOW HITPOINT WARNING * * *
The kobold brigand closely misses you.
The kobold demonologist hits you with a +0 dagger.
* * * LOW HITPOINT WARNING * * *
The kobold brigand misses you.
It was a potion of flight.
You feel very buoyant.
You fly up into the air.
The kobold brigand misses you.
The kobold demonologist miscasts a cantrip.
The kobold brigand hits you but does no damage.
The kobold brigand hits you with a +0 whip.
* * * LOW HITPOINT WARNING * * *
It was a potion of might.
You feel very mighty all of a sudden.
The kobold demonologist hits you but does no damage.
The kobold demonologist misses you.
The kobold brigand hits you but does no damage.
The kobold brigand closely misses you.
The kobold demonologist hits you but does no damage.
The white imp shouts, "Give up, thou beslubbering tip-merry clotpole!"
The kobold demonologist misses you.
The kobold brigand hits you with a +0 club!
You die...

≈≈≈≈≈≈≈≈≈≈≈♣≈≈≈P≈≈♣...
♣≈≈≈≈≈≈≈≈≈P≈≈≈≈≈♣)♣###
♣≈≈♣≈P≈≈≈≈≈≈♣♣♣♣≈.###
♣≈P♣≈≈♣♣≈♣≈♣ #.....
♣≈≈P≈♣≈♣.# ###### #
#.#.#....#
####.##.#.#.####
.....5K.#.#.# #
#.5K@K3#.# #
.....5K##S#.# #
######K ....# #K .##.#
..3. #.# K.#. #.#
...#. ##.


You could see 2 kobold demonologists, a sixfirhy (summoned), 3 kobold brigands,
an adder, a white imp (summoned), a shadow imp (summoned), an ufetubus
(summoned) and 2 kobolds.

Vanquished Creatures
  A kobold demonologist (D:5)
  4 ogres
  A centaur (D:5)
  A scorpion (D:4)
  A centaur skeleton (D:5)
  3 orc priests
  2 iguanas
  A bullfrog skeleton (D:4)
  4 orc wizards
  A hound skeleton (D:4)
  4 adders
  An ufetubus (D:5)
  2 adder skeletons (D:4)
  A worm (D:2)
  3 dart slugs
  9 orcs
  6 endoplasms
  3 giant cockroaches (D:1)
  5 goblins
  7 hobgoblins
  7 kobolds
  3 quokkas (D:2)
  5 ball pythons
  7 bats
  4 frilled lizards
  4 rats
90 creatures vanquished.

Vanquished Creatures (others)
  15 plants (D:5)
15 creatures vanquished.

Grand Total: 105 creatures vanquished

Notes
Turn   | Place    | Note
-------+----------+-------------------------------------------
     0 | D:1      | bobbyregger the Ogre Berserker began the quest for the Orb.
     0 | D:1      | Reached XP level 1. HP: 24/24 MP: 1/1
   272 | D:1      | Reached XP level 2. HP: 30/32 MP: 2/2
   273 | D:1      | Reached skill level 3 in Maces & Flails
  1026 | D:2      | Reached XP level 3. HP: 26/39 MP: 3/3
  1871 | D:2      | Reached ** piety under Trog
  2064 | D:2      | Found a faded altar of an unknown god.
  2250 | D:3      | Reached XP level 4. HP: 49/49 MP: 4/4
  2505 | D:3      | Found a sparkling altar of Nemelex Xobeh.
  2729 | D:4      | Reached skill level 4 in Maces & Flails
  2734 | D:4      | Reached skill level 1 in Stealth
  2737 | D:4      | Reached XP level 5. HP: 45/55 MP: 5/5
  3273 | D:4      | Found the +7 staff of the Meek {protect, meekguard}
  3418 | D:4      | Reached skill level 5 in Maces & Flails
  3418 | D:4      | Reached XP level 6. HP: 38/65 MP: 6/6
  4078 | D:4      | Reached skill level 5 in Fighting
  4259 | D:4      | Found an iron altar of Okawaru.
  4436 | D:5      | Entered Level 5 of the Dungeon
  4484 | D:5      | Reached skill level 6 in Maces & Flails
  4484 | D:5      | Reached XP level 7. HP: 72/72 MP: 7/7
  4953 | D:5      | Reached XP level 8. HP: 62/83 MP: 8/8
  5239 | D:5      | Reached skill level 7 in Maces & Flails
  5446 | D:5      | Noticed a kobold demonologist
  5446 | D:5      | Noticed a kobold demonologist
  5449 | D:5      | Noticed a soul eater
  5450 | D:5      | Noticed a kobold demonologist
  5456 | D:5      | Killed a kobold demonologist
  5460 | D:5      | Noticed a sixfirhy
  5463 | D:5      | Slain by a kobold brigand

Illustrated notes

Levels and vault maps discovered:
D:1:      minmay_arrival_four_circles, layout_basic
D:2:      layout_basic, hellmonk_ecumenical_altar_leap_of_faith,
          minmay_fractal_squares_gapless_5
D:3:      layout_basic, lemuel_doored_altar
D:4:      layout_loops_corners, kennysheep_little_box, minivault_27,
          pf_guarded_unrand_meek
D:5:      layout_basic, nicolae_hepliaklqana_monster_ancestors,
          serial_bayou_lake_a

Skill      XL: |  1  2  3  4  5  6  7  8 |
---------------+-------------------------+-----
Maces & Flails | 3 4 5 6 7 |  7.7
Dodging        | 3 4 |  4.1
Stealth        | 1 2 |  2.2
Fighting       | 5 6 |  6.2

Action                   |  1- 3 |  4- 6 |  7- 9 || total
-------------------------+-------+-------+-------++-------
Melee: Mace              |    99 |   137 |     6 ||   242
       Punch             |     1 |     3 |       ||     4
       Giant spiked club |       |       |    36 ||    36
Invok: Berserk           |       |     4 |     3 ||     7
  Use: Potion            |       |       |     3 ||     3
 Stab: Sleeping          |     6 |     6 |     1 ||    13
       Distracted        |       |     1 |       ||     1
Armor: Animal skin       |    40 |    56 |    30 ||   126
Dodge: Dodged            |    56 |    71 |    54 ||   181
